 Dungeon Crawl Stone Soup version 0.31.0-11-ge490571c62 (webtiles) character file.

Game seed: 2913824271767432055

431 qw the Skirmisher (level 6, -2/35 HPs)
             Began as a Deep Elf Hunter on Feb 4, 2024.
             Was an Initiate of Okawaru.
             Slain by an orc
             ... wielding a +0 trident
              (5 damage)
             ... on level 5 of the Dungeon.
             The game lasted 00:00:12 (2898 turns).

qw the Skirmisher (Deep Elf Hunter)                 Turns: 2898, Time: 00:00:13

Health: -2/35      AC:  5    Str: 10    XL:     6   Next: 67%
Magic:  8/8        EV: 11    Int: 14    God:    Okawaru [......]
Gold:   137        SH:  0    Dex: 18    Spells: 5/5 levels left

rFire   . . .        a - +1 shortbow
rCold   . . .        (shield currently unavailable)
rNeg    . . .        p - +0 ring mail
rPois   .            (no helmet)
rElec   .            (no cloak)
rCorr   .            (no gloves)
SInv    .            (no boots)
Will    .....        f - amulet of faith
Stlth   +            (no ring)
HPRegen 0.25/turn    (no ring)
MPRegen 0.11/turn

%: faith
@: no status effects
A: no striking features
a: Renounce Religion


You were on level 5 of the Dungeon.
You worshipped Okawaru.
Okawaru was noncommittal.
You visited 2 branches of the dungeon, and saw 6 of its levels.

You collected 137 gold pieces.


   Skills:
 - Level 2.0 Fighting
 + Level 10.2 Ranged Weapons
 - Level 3.0 Dodging
 - Level 1.2 Stealth


You had 5 spell levels left.
You didn't know any spells.
Your spell library was empty.

Inventory:

Hand Weapons
 a - a +1 shortbow (weapon)
Armour
 p - a +0 ring mail (worn)
Jewellery
 f - an amulet of faith (around neck)
Wands
 m - a wand of light (9)
 q - a wand of polymorph (10)
Scrolls
 b - a scroll of enchant armour {unknown}
Potions
 e - 2 potions of curing
 g - a potion of haste
 h - a potion of resistance
 i - 3 potions of enlightenment
 j - a potion of cancellation {unknown}
 k - a potion of might {unknown}
 l - a potion of mutation {unknown}
 o - a potion of lignification {unknown}

Dungeon Overview and Level Annotations

Branches:
Dungeon (5/15)             Temple (1/1) D:4

Altars:
Dithmenos
Elyvilon
Fedhas
Gozag
Hepliaklqana
Makhleb
Okawaru
Qazlal
Trog
Uskayaw
Vehumet
Wu Jian
Zin
The Shining One


Message History

The orc priest calls down the wrath of Beogh upon you.
Pain shoots through your body!
The orc hits you from afar with a +0 trident.
You shoot an arrow. The arrow hits the orc priest.
The orc priest is moderately wounded.
The orc priest barely misses you. The orc hits you but does no damage.
You shoot an arrow.
The arrow hits the orc priest but does no damage.
The orc priest is moderately wounded.
The orc priest hits you with a +0 club.
The orc priest calls upon Beogh to heal the orc priest.
The orc priest's wounds heal themselves!
The orc hits you but does no damage.
You shoot an arrow. The arrow hits the orc priest!
The orc priest is severely wounded.
The orc priest hits you but does no damage.
The orc hits you from afar with a +0 trident.
The orc priest hits you but does no damage.
You shoot an arrow. The arrow hits the orc priest.
You kill the orc priest!
Okawaru accepts your kill.
The orc priest hits you with a +0 flail!
The orc barely misses you.
You shoot an arrow. The arrow barely misses the orc priest.
The orc priest barely misses you. The orc hits you but does no damage.
You shoot an arrow.
The arrow hits the orc priest but does no damage.
The orc priest hits you but does no damage.
The orc barely misses you.
You shoot an arrow. The arrow hits the orc priest.
The orc priest is moderately wounded.
The orc hits you but does no damage.
The orc priest hits you but does no damage.
You shoot an arrow. The arrow barely misses the orc priest.
The orc misses you. The orc priest closely misses you.
You shoot an arrow. The arrow hits the orc priest!
The orc priest is almost dead.
The orc priest hits you with a +0 flail.
The orc hits you from afar with a +0 trident.
You die...

####(......#
#.##.......#
..##....... #
#.##......
#.##.##.....
.... .)o
#.####.####o#
#.........)@#
######.######
#.# #.# #.#
#.# #.# #.#
#.#


You could see an orc priest and an orc.

Vanquished Creatures
  2 scorpions (D:3)
  An orc priest (D:5)
  2 hounds
  4 iguanas (D:4)
  6 adders
  2 dart slugs
  6 orcs
  7 bats
  4 endoplasms
  3 giant cockroaches
  5 goblins
  10 hobgoblins
  4 jackals (D:2)
  5 kobolds
  A quokka (D:2)
  3 ball pythons
  3 frilled lizards
  8 rats
76 creatures vanquished.

Notes
Turn   | Place    | Note
-------+----------+-------------------------------------------
     0 | D:1      | qw the Deep Elf Hunter began the quest for the Orb.
     0 | D:1      | Reached XP level 1. HP: 12/12 MP: 3/3
     0 | D:1      | 0 ||| qw: Version: 0.3-a-160-g6735b56
     0 | D:1      | 0 ||| qw: Game counter: 4809
     0 | D:1      | 0 ||| qw: Melee chars always use a shield: true
     0 | D:1      | 0 ||| qw: God list: Okawaru
     0 | D:1      | 0 ||| qw: Allow faded altars: false
     0 | D:1      | 0 ||| qw: Do Orc after clearing Dungeon:15 true
     0 | D:1      | 0 ||| qw: Do second Lair branch before Depths: true
     0 | D:1      | 0 ||| qw: Lair rune preference: random
     0 | D:1      | 0 ||| qw: Goals: Normal
     0 | D:1      | 0 ||| PLANNING D:1-11
    27 | D:1      | Found a faded altar of an unknown god.
   143 | D:1      | Reached skill level 6 in Ranged Weapons
   143 | D:1      | Reached XP level 2. HP: 16/16 MP: 4/4
   561 | D:1      | 561 ||| UPGRADING to amulet of faith.
   566 | D:1      | 566 ||| READING scroll labelled RUUWNI SOIKEA.
   567 | D:1      | 567 ||| DROPPING scroll of butterflies.
   609 | D:2      | Reached XP level 3. HP: 16/20 MP: 5/5
   686 | D:2      | Reached skill level 7 in Ranged Weapons
   813 | D:2      | Reached XP level 4. HP: 25/25 MP: 6/6
   880 | D:2      | You fall into a shaft and drop 2 floors!
   889 | D:4      | 889 ||| READING 4 scrolls labelled CAIBIU TITOO.
   889 | D:4      | 889 ||| IDENTIFYING lumpy sapphire potion
   890 | D:4      | 890 ||| READING 3 scrolls of identify.
   890 | D:4      | 890 ||| IDENTIFYING metallic green potion
   891 | D:4      | 891 ||| READING 2 scrolls of identify.
   891 | D:4      | 891 ||| IDENTIFYING orange potion
   892 | D:4      | 892 ||| READING scroll of identify.
   892 | D:4      | 892 ||| IDENTIFYING murky green potion
   893 | D:4      | 893 ||| READING scroll labelled LOERPH YNIPSUNE.
  1013 | D:3      | Reached skill level 8 in Ranged Weapons
  1054 | D:3      | 1054 ||| READING scroll labelled SEPHIAN JYELU.
  1055 | D:3      | 1055 ||| READING scroll labelled KAECI DYPUFIOGH.
  1059 | D:3      | 1059 ||| FLEEEEING.
  1060 | D:3      | 1060 ||| FLEEEEING.
  1061 | D:3      | 1061 ||| STAIRDANCE
  1387 | D:2      | 1387 ||| READING scroll of identify.
  1387 | D:2      | 1387 ||| IDENTIFYING cyan potion
  1388 | D:2      | 1388 ||| DROPPING potion of attraction.
  1608 | D:3      | Noticed a scorpion
  1610 | D:3      | 1610 ||| DRINKING 2 potions of haste.
  1614 | D:3      | Killed a scorpion
  1615 | D:3      | Reached XP level 5. HP: 29/29 MP: 7/7
  1642 | D:3      | Reached skill level 9 in Ranged Weapons
  1652 | D:3      | HP: 7/29 [poisoned by a scorpion]
  2239 | D:3      | 2239 ||| UPGRADING to +0 scale mail.
  2249 | D:3      | 2249 ||| DROPPING +0 leather armour.
  2250 | D:3      | 2250 ||| UPGRADING to +0 ring mail.
  2260 | D:3      | 2260 ||| DROPPING +0 scale mail.
  2261 | D:3      | 2261 ||| READING scroll labelled BOSIUKH NOMOKK.
  2262 | D:3      | 2262 ||| READING scroll labelled AXTEMA KELYLL.
  2330 | D:4      | Found a staircase to the Ecumenical Temple.
  2331 | D:4      | 2331 ||| PLANNING TEMPLE
  2336 | Temple   | Entered the Ecumenical Temple
  2337 | Temple   | 2337 ||| PLANNING OKAWARU WORSHIP
  2349 | Temple   | Became a worshipper of Warmaster Okawaru
  2350 | Temple   | 2350 ||| PLANNING D:1-11
  2397 | D:4      | Reached XP level 6. HP: 35/35 MP: 8/8
  2483 | D:4      | Found a glowing silver altar of Zin.
  2567 | D:4      | Reached skill level 10 in Ranged Weapons
  2635 | D:4      | Reached skill level 3 in Dodging
  2848 | D:4      | 2848 ||| READING scroll labelled GAZIQOFIMA.
  2848 | D:4      | 2848 ||| ENCHANTING +0 shortbow.
  2859 | D:5      | Entered Level 5 of the Dungeon
  2893 | D:5      | HP: 3/35 [orc priest/+0 flail (8)]
  2898 | D:5      | HP: 3/35 [orc priest/+0 flail (1)]
  2898 | D:5      | Slain by an orc

Levels and vault maps discovered:
D:1:      spicycebolla_green_bress_n_ham_2, layout_rooms, serial_corexii_hall,
          chequers_hall_statues_y, corexii_hall_statues_x,
          corexii_hall_statues_deadend, chequers_hall_statues_y,
          dreamdust_ecumenical_altar_grove
D:2:      layout_rooms
D:3:      layout_loops_ring
D:4:      layout_basic, zin_treasury, minmay_temple_entry_fiery
D:5:      layout_basic
Temple:   cyrus_circular_temple

Skill      XL: |  1  2  3  4  5  6 |
---------------+-------------------+-----
Ranged Weapons | 6 7 8 9 10 | 10.2
Fighting       | 2 |  2.0
Dodging        | 3 |  3.0
Stealth        | |  1.2

Action                     |  1- 3 |  4- 6 || total
---------------------------+-------+-------++-------
   Fire: Shortbow          |   102 |   151 ||   253
    Use: Scroll            |     1 |    11 ||    12
         Potion            |       |     1 ||     1
 Armour: Leather armour    |    24 |    16 ||    40
         Ring mail         |       |    20 ||    20
  Dodge: Dodged            |    37 |    33 ||    70

Table legend:
 A = Non-vault XP
 B = Vault XP
 C = Vault XP percentage of total XP
 D = Non-vault monster count
 E = Vault monster count
 F = Vault count percentage of total count
                 A         B        C        D         E       F
            +---------+---------+-------+---------+---------+-------
      Total |     617 |       0 |   0.0 |      76 |       0 |   0.0
            +---------+---------+-------+---------+---------+-------
        D:1 |      39 |       0 |   0.0 |      23 |       0 |   0.0
        D:2 |     105 |       0 |   0.0 |      19 |       0 |   0.0
        D:3 |     215 |       0 |   0.0 |      14 |       0 |   0.0
        D:4 |     211 |       0 |   0.0 |      17 |       0 |   0.0
        D:5 |      47 |       0 |   0.0 |       3 |       0 |   0.0
            +---------+---------+-------+---------+---------+-------
